 Dungeon Crawl Stone Soup version 0.26-a0-946-g9485abf61d (webtiles) character file.

Game seed: 8744343840637509520

6671 ANON1729 the Ruffian (level 10, 0/80 (81) HPs)
             Began as a Yellow Draconian Transmuter on Nov 28, 2020.
             Was an Elder of Fedhas.
             Slain by an orange demon (5 damage)
             ... summoned by an orc high priest
             ... in a bailey.
             The game lasted 00:23:16 (10354 turns).

ANON1729 the Ruffian (Yellow Draconian Transmuter) Turns: 10354, Time: 00:23:17

HP:   0/80 (81)     AC: 12    Str: 14    XL:     10   Next: 73%
MP:   15/19         EV: 15    Int: 13    God:    Fedhas [****..]
Gold: 143           SH:  0    Dex: 18    Spells: 2/19 levels left

rFire    . . .     SeeInvis +     - Unarmed
rCold    . . .     Faith    .   (no shield)
rNeg     . . .     Spirit   .   (armour unavailable)
rPois    .         Reflect  .   (helmet restricted)
rElec    .         Harm     .   L - +1 cloak
rCorr    +         Rampage  .   (no gloves)
MR       ++...                  r - +2 pair of boots
Stlth    ++........             o - amulet of regeneration
HPRegen  0.63/turn              J - +6 ring of dexterity
MPRegen  0.16/turn              F - ring of the Yeti {MR++ Int-2 SInv}

@: about to teleport, short of breath, wereblooded
A: spit acid, unfitting armour, stinger 1, high mp 1, cold-blooded, acid
resistance, AC +7
a: Breathe Acid, Wall of Briars, Grow Ballistomycete, Overgrow, Renounce
Religion


You were in a bailey.
You worshipped Fedhas.
Fedhas was greatly pleased with you.
You visited 2 branches of the dungeon, and saw 11 of its levels.
You also visited: Bailey.

You collected 481 gold pieces.
You spent 338 gold pieces at shops.

Inventory:

Missiles
 e - 15 boomerangs
 q - 14 poisoned darts (quivered)
Armour
 r - a +2 pair of boots (worn)
 L - a +1 cloak (worn)
Jewellery
 o - an amulet of regeneration (around neck)
 x - a +6 ring of dexterity
 y - an uncursed ring of fire
 D - an uncursed ring of protection from cold
 F - the ring of the Yeti (right hand) {MR++ Int-2 SInv}
   (You bought it in a shop on level 5 of the Dungeon)

   [ring of see invisible]

   It affects your intelligence (-2).
   It affects your resistance to hostile enchantments.
   It lets you see invisible.
 J - a +6 ring of dexterity (left hand)
Wands
 G - a wand of iceblast (15)
 H - a wand of flame (18)
Scrolls
 a - 4 scrolls of enchant armour
 b - 3 scrolls of fear
 d - 4 scrolls of teleportation
 m - 6 scrolls of remove curse
 p - 2 scrolls of fog
 t - a scroll of noise {unknown}
 u - 4 scrolls of amnesia {unknown}
 v - a scroll of immolation {unknown}
 A - 2 scrolls of blinking {unknown}
 B - 2 scrolls of magic mapping {unknown}
 E - 2 scrolls of enchant weapon {unknown}
Potions
 c - 2 potions of resistance {unknown}
 f - a potion of haste {unknown}
 g - 5 potions of curing {unknown}
 h - 2 potions of heal wounds {unknown}
 i - a potion of ambrosia {unknown}
 j - 5 potions of lignification {unknown}
 k - 5 potions of mutation
 l - 3 potions of brilliance {unknown}
 n - 2 potions of degeneration {unknown}
 s - 2 potions of attraction {unknown}
 w - 2 potions of flight {unknown}
 z - a potion of berserk rage {unknown}
 C - a potion of might {unknown}
 I - 2 potions of cancellation {unknown}
Miscellaneous
 K - a tin of tremorstones (inert)


   Skills:
 + Level 5.4 Fighting
 + Level 5.0 Dodging
 * Level 7.9 Unarmed Combat
 + Level 5.2 Spellcasting
 * Level 7.4 Transmutations
 * Level 5.5 Earth Magic
 + Level 4.5 Poison Magic
 * Level 6.1 Invocations


You had 2 spell levels left.
You knew the following spells:

 Your Spells              Type           Power        Failure   Level
a - Beastly Appendage     Tmut           ###...       1%          1
b - Wereblood             Tmut           ###.....     1%          2
c - Spider Form           Tmut/Pois      ###.......   4%          3
d - Passwall              Tmut/Erth      ###.....     1%          2
e - Petrify               Tmut/Erth      ###.....     13%         4
f - Blade Hands           Tmut           ###.......   24%         5

Your spell library contained the following spells:

 Spells                   Type           Power        Failure   Level
 Sandblast                Erth           ###...       1%          1
 Stone Arrow              Conj/Erth      ##....       17%         3
 Ice Form                 Ice/Tmut       ##......     36%         4
 Lee's Rapid Deconstruct  Erth           ###.......   45%         5


Dungeon Overview and Level Annotations

Branches:
Dungeon (10/15)            Temple (1/1) D:6            Lair (0/6) D:8
    Orc (0/2) D:9          Bailey (1/1)

Altars:
Ashenzari
Fedhas
Gozag
Hepliaklqana
Nemelex Xobeh
Qazlal
Uskayaw
Vehumet
Yredelemnul
The Shining One

Shops:
D:5 =   D:8 :   D:9 =

Annotations:
D:6 1 runed translucent door, drd's ghost, novice OpBr
D:9 3 runed translucent doors, brujo666's ghost, novice DsGl


Innate Abilities, Weirdness & Mutations

You can spit globs of acid.
Your golden yellow scales are hard. (AC +7)
You cannot fit into any form of body armour.
You are cold-blooded and may be slowed by cold attacks.
You are resistant to acid. (rCorr)
Your tail ends in a poisonous barb.
You have an increased reservoir of magic. (+10% MP)


Message History

Your tail-slap misses the orc high priest.
The orc high priest is moderately wounded.
The orange demon closely misses you. The orc high priest closely misses you.
The red devil barely misses you.
You barely miss the orc high priest.
The orc high priest is moderately wounded.
The orange demon closely misses you.
The orc high priest hits you with a +0 war axe.
* * * LOW HITPOINT WARNING * * *
The red devil hits you from afar with a +0 trident!
* * * LOW HITPOINT WARNING * * *
As you read the scroll of teleportation, it crumbles to dust.
You feel strangely unstable.
The orange demon stings you but does no damage.
The red devil hits you from afar with a +0 trident!
* * * LOW HITPOINT WARNING * * *
The orc high priest hits you but does no damage.
The orange demon stings you from afar.
You die...
Fedhas appreciates your contribution to the ecosystem.

######.≈≈≈≈≈.#
#......≈≈≈≈≈.#++####
#......≈≈≈≈≈.#.....#
.............'.....# ..g.#
..∩..........)..⌠..# g._.#
.............).....# o.o.# #
#......≈≈≈≈≈)#.....# g...#..
#......≈≈≈≈≈.#')#####..o.#..
######.≈≈≈≈≈.#.)@...#....#..
#≈≈≈≈≈≈.#....o4#....#
#≈≈≈≈≈######.44....# #≈≈≈≈≈#
#.8g8.8.+ #≈≈≈≈≈# #.......#
#≈≈≈≈≈# #######+# #≈≈≈≈≈#
#≈≈≈≈≈#


You could see an orc high priest (poisoned), an orange demon (summoned,
corroded), a chaos spawn (summoned, corroded), a red devil (summoned) and a
goblin.

Vanquished Creatures
  Psyche (D:8)
  Pikel (D:8)
  An orc sorcerer (Bailey)
  Joseph (D:7)
  Maurice (D:8)
  2 shadows (D:9)
  A two-headed ogre zombie (D:9)
  2 water moccasins
  Duvessa (D:7)
  6 orc warriors
  3 phantoms (D:9)
  2 sky beasts (D:7)
  A necrophage (D:7)
  2 ogres
  3 lemures (D:8)
  A centaur (D:8)
  7 bullfrogs
  A water moccasin zombie (D:8)
  3 scorpions
  2 troll zombies (D:9)
  Dowan (D:7)
  6 killer bees (D:8)
  8 wights
  An electric eel (D:7)
  A quasit (D:6)
  2 jellies
  A centaur skeleton (D:5)
  3 hounds
  5 orc priests
  6 orc wizards
  2 bullfrog skeletons (D:7)
  2 iguanas
  9 worker ants
  5 ogre zombies (D:9)
  A hound zombie (D:8)
  A hound skeleton (D:4)
  2 worker ant zombies (D:7)
  4 gnolls
  2 howler monkey skeletons
  8 adders
  A white imp (D:7)
  An adder zombie (D:8)
  7 worms
  3 dart slugs (D:1)
  5 leopard geckos
  28 orcs
  7 bats
  2 giant cockroaches (D:1)
  12 hobgoblins
  8 jackals
  3 quokkas
  A ball python (D:1)
  4 frilled lizards
  10 goblins
  2 goblin skeletons (D:9)
  5 goblin zombies (D:9)
  2 hobgoblin zombies (D:9)
  6 kobolds
  An orc skeleton (D:9)
  15 orc zombies (D:9)
  4 rats
239 creatures vanquished.

Vanquished Creatures (collateral kills)
  Maggie (D:8)
  An adder (D:8)
2 creatures vanquished.

Grand Total: 241 creatures vanquished

Notes
Turn   | Place    | Note
-------+----------+-------------------------------------------
     0 | D:1      | ANON1729 the Draconian Transmuter began the quest for the
                  | Orb.
     0 | D:1      | Reached XP level 1. HP: 16/16 MP: 3/3
    14 | D:1      | Noticed an electric eel
   373 | D:1      | Reached XP level 2. HP: 21/23 MP: 5/5
   876 | D:1      | Reached XP level 3. HP: 26/28 MP: 6/6
  1358 | D:2      | Found a broken altar of Ashenzari.
  1535 | D:2      | Found a faded altar of an unknown god.
  1973 | D:3      | Reached XP level 4. HP: 35/36 MP: 7/7
  2748 | D:3      | Learned a level 2 spell: Wereblood
  2768 | D:3      | Reached XP level 5. HP: 10/41 MP: 6/8
  3353 | D:3      | Learned a level 3 spell: Spider Form
  3754 | D:4      | Reached XP level 6. HP: 49/50 MP: 10/10
  3857 | D:4      | Found a stormy altar of Qazlal.
  3875 | D:4      | Reached skill level 1 in Poison Magic
  4424 | D:4      | Your scales start taking on a golden yellow colour.
  4424 | D:4      | Reached XP level 7. HP: 56/56 MP: 7/11
  4424 | D:4      | Gained mutation: You are resistant to acid. (rCorr) [Yellow
                  | Draconian growth]
  4540 | D:5      | Entered Level 5 of the Dungeon
  4616 | D:5      | Reached skill level 5 in Unarmed Combat
  4686 | D:5      | Found Kaxtynka's Jewellery Shop.
  5336 | D:6      | Found a staircase to the Ecumenical Temple.
  5375 | D:6      | Found a radiant altar of Vehumet.
  5410 | Temple   | Entered the Ecumenical Temple
  5414 | Temple   | Learned a level 2 spell: Passwall
  5419 | Temple   | Learned a level 4 spell: Petrify
  5429 | Temple   | Became a worshipper of Fedhas Madash
  5569 | D:6      | Reached skill level 1 in Earth Magic
  5689 | D:6      | Reached XP level 8. HP: 63/63 MP: 13/13
  5752 | D:6      | Found a runed translucent door.
  5752 | D:6      | Noticed drd's ghost (novice OpBr)
  6005 | D:7      | Noticed Joseph
  6011 | D:7      | Killed Joseph
  6012 | D:7      | Reached skill level 5 in Transmutations
  6012 | D:7      | Reached skill level 1 in Invocations
  6015 | D:6      | Gained mutation: Your tail ends in a poisonous barb.
                  | [potion of mutation]
  6015 | D:6      | Gained mutation: You have an increased reservoir of magic.
                  | (+10% MP) [potion of mutation]
  6542 | D:7      | Noticed Duvessa
  6542 | D:7      | Noticed Dowan
  6554 | D:7      | Killed Dowan
  6558 | D:7      | Killed Duvessa
  6818 | D:7      | Reached * piety under Fedhas
  7059 | D:8      | Reached XP level 9. HP: 52/71 MP: 13/16
  7446 | D:5      | Bought the ring of the Yeti {MR++ Int-2 SInv} for 314 gold
                  | pieces
  7446 | D:5      | Bought a cursed amulet of inaccuracy for 24 gold pieces
  7616 | D:7      | Found an opulent altar of Gozag.
  8092 | D:8      | Noticed Psyche
  8092 | D:8      | Noticed Maggie
  8113 | D:8      | Killed Maggie
  8113 | D:8      | Reached ** piety under Fedhas
  8129 | D:8      | Killed Psyche
  8179 | D:8      | Found Gitulu's Book Emporium.
  8443 | D:8      | Noticed Maurice
  8443 | D:8      | Noticed Pikel
  8551 | D:7      | Learned a level 5 spell: Blade Hands
  8601 | D:8      | Killed Pikel
  8602 | D:8      | Reached skill level 5 in Invocations
  8602 | D:8      | Reached XP level 10. HP: 79/79 MP: 13/18
  8741 | D:8      | Killed Maurice
  8742 | D:8      | Reached skill level 5 in Fighting
  9083 | D:8      | Found a staircase to the Lair.
  9187 | D:9      | Found a sparkling altar of Nemelex Xobeh.
  9321 | D:9      | Reached skill level 5 in Earth Magic
  9325 | D:9      | Found a runed translucent gate.
  9326 | D:9      | Noticed brujo666's ghost (novice DsGl)
  9329 | D:9      | Found a runed translucent gate.
  9330 | D:9      | Found a runed translucent gate.
  9401 | D:9      | Found Tocotoi Potu's Jewellery Boutique.
  9560 | D:9      | Found a staircase to the Orcish Mines.
  9572 | D:9      | Reached *** piety under Fedhas
  9583 | D:9      | Reached skill level 5 in Spellcasting
 10121 | D:10     | Entered Level 10 of the Dungeon
 10177 | D:10     | Found a flagged portal.
 10220 | Bailey   | Entered a bailey
 10257 | Bailey   | Reached **** piety under Fedhas
 10323 | Bailey   | Found an iron altar of Okawaru.
 10323 | Bailey   | Noticed an orc high priest
 10323 | Bailey   | Noticed an orc sorcerer
 10338 | Bailey   | Killed an orc sorcerer
 10339 | Bailey   | Reached skill level 5 in Dodging
 10341 | Bailey   | Noticed an orange demon
 10353 | Bailey   | HP: 4/80 [red devil/+0 trident[an orc high priest] (11)]
 10354 | Bailey   | Slain by an orange demon

Illustrated notes

Levels and vault maps discovered:
D:1:      arrival_aquarium_a, layout_loops_ring, st_stairs_2,
          nrook_loot_triangle
D:2:      layout_basic, chequers_ecumenical_altar_grove, ashenzari_altar_1
D:3:      layout_rooms, kennysheep_okawaru_gauntlet
D:4:      layout_basic, nicolae_qazlal_eye_of_the_storm
D:5:      layout_loops_ring, serial_shops, nicolae_shop_statue_plus
D:6:      layout_loops_ring, vehumet_crystals, minmay_temple_entry_junction,
          hellmonk_ghost_happy_afterlife
D:7:      layout_cave_pods, kennysheep_diamond, uniq_duvessa, uniq_joseph
D:8:      layout_gridville, lair_entry_dummy, serial_shops, shop, uniq_psyche,
          uniq_pikel, uniq_maurice, uniq_maggie
D:9:      layout_cave_pools, zombieorc2_lemuel, basic_altar,
          gammafunk_ghost_split, serial_shops, nicolae_shop_stone,
          chequers_serial_rivers_room_b
D:10:     layout_cave_pods, enter_bailey_5, chequers_serial_rivers_small_a,
          uniq_urug
Temple:   nicolae_temple_the_god_donut
Bailey:   bailey_axe_of_yendor_kennysheep, bailey

Skill      XL: |  1  2  3  4  5  6  7  8  9 10 |
---------------+-------------------------------+-----
Dodging        | 2 3 4 5 |  5.0
Fighting       | 2 3 4 5 |  5.4
Transmutations | 3 4 5 6 7 |  7.4
Unarmed Combat | 4 5 6 7 |  7.9
Spellcasting   | 3 4 5 |  5.2
Poison Magic   | 1 2 3 4 |  4.5
Earth Magic    | 1 3 4 5 |  5.5
Invocations    | 3 5 6 |  6.1

Action                   |  1- 3 |  4- 6 |  7- 9 | 10-12 || total
-------------------------+-------+-------+-------+-------++-------
Melee: Unarmed           |   182 |   297 |   404 |   198 ||  1081
       Tailslap          |    10 |    21 |    51 |    29 ||   111
       Punch             |     3 |     1 |    12 |     3 ||    19
       Headbutt          |       |     1 |     2 |       ||     3
       Kick              |       |       |     7 |       ||     7
Throw: Dart              |       |     5 |    10 |       ||    15
 Cast: Beastly Appendage |       |     1 |     3 |       ||     4
       Wereblood         |       |     1 |     2 |     1 ||     4
       Spider Form       |       |     3 |     8 |       ||    11
       Passwall          |       |       |     1 |       ||     1
       Petrify           |       |       |     3 |       ||     3
       Blade Hands       |       |       |     2 |    15 ||    17
 Abil: Breathe Acid      |       |       |    10 |     2 ||    12
Evoke: Wand              |       |       |    12 |       ||    12
       Tin of tremorston |       |       |       |     2 ||     2
  Use: Scroll            |       |       |     6 |     1 ||     7
       Potion            |       |       |     1 |       ||     1
 Stab: Sleeping          |     2 |       |     2 |       ||     4
       Distracted        |       |       |     2 |       ||     2
       Petrified         |       |       |    13 |       ||    13
Armor: Skin              |    59 |    73 |   132 |    56 ||   320
Dodge: Dodged            |   123 |   172 |   307 |   164 ||   766

Table legend: (Time is in decaauts)
 A = Elapsed time spent in this place.
 B = Non-inter-level travel time spent in this place.
 C = Inter-level travel time spent in this place.
 D = Time resting spent in this place.
 E = Time spent auto-exploring this place.
 F = Levels seen in this place.
 G = Mean time per level.
                   A        B        C        D        E       F      G
               +--------+--------+--------+--------+--------+-----+--------+
         Total |  10260 |   9763 |    497 |   1775 |   5746 |  12 |  855.0 |
       Dungeon |  10103 |   9615 |    488 |   1775 |   5664 |  10 | 1010.3 |
        Temple |     27 |     19 |      8 |      0 |      0 |   1 |   27.0 |
        Bailey |    129 |    129 |      0 |      0 |     82 |   1 |  129.0 |
               +--------+--------+--------+--------+--------+-----+--------+

Top non-repeatable levels by time:
     D:8: 1346 daAuts
     D:1: 1315 daAuts
     D:3: 1250 daAuts
     D:7: 1229 daAuts
     D:2: 1088 daAuts
     D:6: 990 daAuts
     D:5: 989 daAuts
     D:9: 934 daAuts
     D:4: 857 daAuts
  Bailey: 129 daAuts
    D:10: 100 daAuts
  Temple: 27 daAuts
